 Dungeon Crawl Stone Soup version 0.29.0-4-gdea44cf6ec (webtiles) character file.

Game seed: 15397553071753145167

14 qw the Ruffian (level 2, -3/29 HPs)
             Began as a Troll Cinder Acolyte on Sept 2, 2022.
             Was a High Priest of Ignis.
             Slain by Sigmund
             ... wielding a +0 scythe
              (8 damage)
             ... on level 2 of the Dungeon.
             The game lasted 00:00:20 (709 turns).

qw the Ruffian (Troll Cinder Acolyte)                Turns: 709, Time: 00:00:20

Health: -3/29      AC:  4    Str: 21    XL:     2   Next: 31%
Magic:  2/2        EV:  9    Int: 10    God:    Ignis [*****.]
Gold:   34         SH:  5    Dex:  5    Spells: 3/3 levels left

rFire   + . .      SeeInvis .     - Unarmed
rCold   . . .      Faith    .   (no shield)
rNeg    . . .      Spirit   .   a - +0 robe
rPois   .          Reflect  +   (helmet restricted)
rElec   .          Harm     .   (no cloak)
rCorr   .          Rampage  .   (gloves unavailable)
Will    .....                   (boots unavailable)
Stlth   +.........              b - amulet of reflection
HPRegen 0.89/turn               (no ring)
MPRegen 0.08/turn               (no ring)

@: no status effects
A: large, unfitting armour, claws 3, regeneration 1, shaggy fur 1, tough skin 1
a: Renounce Religion, Fiery Armour, Foxfire Swarm, Rising Flame


You were on level 2 of the Dungeon.
You worshipped Ignis.
Ignis was extremely pleased with you.
You visited 1 branch of the dungeon, and saw 2 of its levels.

You collected 34 gold pieces.


Innate Abilities, Weirdness & Mutations

You are too large for most types of armour.
You have claws for hands.
Your natural rate of healing is unusually fast.
You are covered in fur. (AC +1)
You have tough skin. (AC +1)


   Skills:
 - Level 2.4 Fighting
 + Level 3.8 Unarmed Combat
 - Level 1.0 Spellcasting
 - Level 2.1 Fire Magic


You had 3 spell levels left.
You didn't know any spells.
Your spell library contained the following spells:

 Spells                   Type           Power      Damage    Failure   Level
 Scorch                   Fire           8%         2d5       22%         2

Inventory:

Armour
 a - a +0 robe (worn)
Jewellery
 b - an amulet of reflection (around neck)
Potions
 d - a potion of mutation {unknown}
 g - a potion of magic {unknown}
 h - a potion of might {unknown}

Dungeon Overview and Level Annotations

Branches:
Dungeon (2/15)

Altars:

Shops:
D:1 (

Annotations:
D:2 Sigmund


Message History

There is a stone staircase leading down here.
You climb downwards.
Found 12 gold pieces.
There is a stone staircase leading up here.
Existing waypoints: (2) D:1 Assign waypoint to what number? (0-9, D - delete waypoint) Waypoint 1 assigned to D:2.
You now have 26 gold pieces (gained 4).
You now have 34 gold pieces (gained 8).
Sigmund and a ball python come into view.
Found 6 stones.
You barely miss the ball python. The ball python closely misses you.
You scratch the ball python.
You kill the ball python!
Sigmund gestures wildly while chanting.
Sigmund flickers and vanishes!
Deactivating autopickup; reactivate with Ctrl-A.
You swing at nothing.
Something hits you but does no damage.
You swing at nothing.
Something hits you.
You swing at nothing.
You swing at nothing.
Something hits you.
You swing at nothing.
Something hits you.
You swing at nothing.
You swing at nothing.
Something hits you.
You swing at nothing.
You swing at nothing.
Something hits you!
You swing at nothing.
Something hits you!
You swing at nothing.
You swing at nothing.
Something hits you!
You die...

### .(# #.# #.#
#{# #.# #########
#@###.......#
#...........#
#.......##.......#
..##..####.<.#####
#.# ##..# #. #..#
.. #... #. #..#.
...#.#


There were no monsters in sight!

Vanquished Creatures
  A dart slug (D:1)
  2 endoplasms (D:1)
  A goblin (D:1)
  3 hobgoblins (D:1)
  A quokka (D:1)
  2 ball pythons
  A bat (D:1)
11 creatures vanquished.

Notes
Turn   | Place    | Note
-------+----------+-------------------------------------------
     0 | D:1      | qw the Troll Cinder Acolyte began the quest for the Orb.
     0 | D:1      | Reached XP level 1. HP: 22/22 MP: 1/1
     0 | D:1      | 0 ||| qw: Version: 0.1-a-97-g2dd2ca4
     0 | D:1      | 0 ||| qw: Game counter: 4915
     0 | D:1      | 0 ||| qw: Always use a shield: true
     0 | D:1      | 0 ||| qw: God list: Okawaru
     0 | D:1      | 0 ||| qw: Allow faded altars: false
     0 | D:1      | 0 ||| qw: Do Orc after D:15 true
     0 | D:1      | 0 ||| qw: Do second Lair branch before Depths: true
     0 | D:1      | 0 ||| qw: Lair rune preference: random
     0 | D:1      | 0 ||| qw: Plans: Normal
     0 | D:1      | 0 ||| PLANNING D:1-11
   159 | D:1      | 159 ||| Stepping ~*~*~tactically~*~*~ (stealth).
   184 | D:1      | Reached XP level 2. HP: 29/29 MP: 2/2
   377 | D:1      | Found Gaparaf's Weapon Emporium.
   420 | D:1      | Found a faded altar of an unknown god.
   641 | D:1      | 641 ||| UPGRADING to amulet of reflection.
   646 | D:1      | 646 ||| DROPPING ring of magical power.
   647 | D:1      | 647 ||| READING 2 scrolls labelled SEWNIN WOIKI.
   661 | D:1      | 661 ||| READING scroll labelled ZASEJATOTH.
   662 | D:1      | 662 ||| READING scroll labelled OLUIZ JINNEMOU.
   663 | D:1      | 663 ||| READING scroll labelled BOAWAI FIEHEPS.
   664 | D:1      | 664 ||| DROPPING scroll of torment.
   694 | D:2      | Noticed Sigmund
   707 | D:2      | HP: 3/29 [something (9)]
   709 | D:2      | Slain by Sigmund

Levels and vault maps discovered:
D:1:      lemuel_arrival_room, layout_basic,
          shapermc_ecumenical_altar_mp_ritualfount, serial_shops,
          nicolae_shop_bloodbath_and_beyond, minmay_distorted
D:2:      layout_rooms, uniq_sigmund

Action                   || total
-------------------------++-------
Melee: Unarmed           ||    32
       Punch             ||     1
  Use: Scroll            ||     4
Armor: Robe              ||     5
Dodge: Dodged            ||     9

Table legend:
 A = Non-vault XP
 B = Vault XP
 C = Vault XP percentage of total XP
 D = Non-vault monster count
 E = Vault monster count
 F = Vault count percentage of total count
                 A         B        C        D         E       F
            +---------+---------+-------+---------+---------+-------
      Total |      19 |       2 |   9.5 |      10 |       1 |   9.1
            +---------+---------+-------+---------+---------+-------
        D:1 |      18 |       2 |  10.0 |       9 |       1 |  10.0
        D:2 |       1 |       0 |   0.0 |       1 |       0 |   0.0
            +---------+---------+-------+---------+---------+-------
